 Dungeon Sprint DCSS version 0.21.1-1-g345015f (webtiles) character file.

1476 doot the Brawler (level 11, 0/107 HPs)
             Began as a Troll Berserker on June 7, 2018.
             Was the Champion of Trog.
             Slain by a polar bear (15 damage)
             ... in the Dungeon (Sprint VI: "Thunderdome").
             The game lasted 00:12:37 (1251 turns).

doot the Brawler (Troll Berserker)                  Turns: 1251, Time: 00:12:37

Health: 0/107      AC:  3    Str: 31      XL:     11   Next: 26%
Magic:  20/20      EV: 14    Int:  1 (3)  God:    Trog [******]
Gold:   48         SH:  0    Dex:  9 (10) Spells: 12/12 levels left

rFire    + . .     SeeInvis .     - Unarmed
rCold    . . .     Gourm    +   (no shield)
rNeg     + + .     Faith    .   a - +0 animal skin
rPois    +         Spirit   .   u - -3 hat "Tatriax" {Slay+2}
rElec    .         Reflect  .   t - +0 cloak of the Forsaken Wishes {-Tele rPois Str+6}
rCorr    .         Harm     .   (gloves unavailable)
MR       .....     NoTele   +   (boots unavailable)
Stlth    +++.......             w - amulet of regeneration
HPRegen  1.07/turn              m - ring of No Interval {Fire rPois rN++ Str-2 Stlth+}
MPRegen  0.17/turn              n - ring "Alolec" {rC+ MP+9 Slay+2}

@: starving, slowed, lost intelligence, very slow
A: large, unfitting armour, claws 3, blurry vision 1, clumsy 1, fast metabolism
3, frail 1, gourmand, regeneration 1, screaming 1, shaggy fur 1, tough skin 2,
MP-powered wands
}: 1/15 runes: serpentine
a: Berserk, Trog's Hand, Brothers in Arms, Burn Spellbooks, Renounce Religion


You were in the Dungeon.
You worshipped Trog.
Trog was exalted by your worship.
You were starving.

You visited 1 branch You collected 1500 gold pieces.
You spent 1452 gold pieces at shops.

Inventory:

Hand Weapons
 p - a +4 antimagic giant club
 r - a +4 halberd of chopping
 s - a +0 rapier of freezing
Missiles
 v - a javelin of penetration (quivered)
Armour
 a - a +0 animal skin (worn)
 q - a +0 troll leather armour
 t - the +0 cloak of the Forsaken Wishes (worn) {-Tele rPois Str+6}
   (You bought it in a shop in the Dungeon)

   It affects your strength (+6).
   It protects you from poison.
   It prevents most forms of teleportation.
 u - the -3 hat "Tatriax" (worn) {Slay+2}
   (You bought it in a shop in the Dungeon)

   It affects your accuracy and damage with ranged weapons and melee attacks
   (+2).
Jewellery
 m - the ring of No Interval (left claw) {Fire rPois rN++ Str-2 Stlth+}
   (You bought it in a shop in the Dungeon)

   [ring of fire]

   It enhances your fire magic.
   It affects your strength (-2).
   It protects you from fire.
   It makes you vulnerable to cold.
   It protects you from poison.
   It greatly protects you from negative energy.
   It makes you more stealthy.
 n - the ring "Alolec" (right claw) {rC+ MP+9 Slay+2}
   (You bought it in a shop in the Dungeon)

   [ring of magical power]

   It affects your accuracy and damage with ranged weapons and melee attacks
   (+2).
   It protects you from cold.
   It affects your magic capacity (+9).
 o - the amulet "Zorez" {Gourm rC+}
   (You bought it in a shop in the Dungeon)

   [amulet of the gourmand]

   It allows you to eat raw meat even when not hungry.
   It protects you from cold.
 w - an amulet of regeneration (around neck)
Wands
 i - a wand of acid (5)
 j - a wand of iceblast (5)
Scrolls
 h - 4 scrolls of blinking
 k - 3 scrolls of fog
Potions
 c - a potion of curing
 d - 2 potions of heal wounds
 e - 4 potions of haste
 f - 2 potions of magic
 g - a potion of berserk rage
 l - a potion of resistance
Comestibles
 b - 2 rations


   Skills:
 - Level 10.4 Fighting
 + Level 6.0 Maces & Flails
 - Level 1.3 Polearms
 - Level 4.6 Throwing
 - Level 1.4 Armour
 - Level 9.8 Dodging
 - Level 3.6 Stealth
 - Level 16.2 Unarmed Combat
 - Level 1.0 Spellcasting
 - Level 1.2 Evocations


You had 12 spell levels left.
You didn't know any spells.

Dungeon Overview and Level Annotations

Branches:
Dungeon (1/1)

Altars:
Cheibriados
Dithmenos
Fedhas
Gozag
Kikubaaqudgha
Makhleb
Okawaru
Qazlal
Ru
Sif Muna
Trog
Uskayaw
Vehumet
Wu Jian
Xom
Yredelemnul
Zin
The Shining One
Beogh
Jiyva
Lugonu

Shops:
D *[%??*?*:[((!!!!


Innate Abilities, Weirdness & Mutations

You are too large for most types of armour.
You have claws for hands.
Your metabolism is lightning-fast.
You like to eat raw meat.
Your natural rate of healing is unusually fast.
You are covered in fur. (AC +1)
You have very tough skin. (AC +2)
Scrolls take you a little longer to read.
You are clumsy. (Dex -2)
You are frail. (-10% HP)
You occasionally shout uncontrollably at your foes.
You expend magic power (3 MP) to strengthen your wands.


Message History

You completely miss the polar bear.
The polar bear is almost dead.
The polar bear bites you!
* * * LOW HITPOINT WARNING * * *
The polar bear barely misses you. x2; The polar bear bites you!
* * * LOW HITPOINT WARNING * * *
The polar bear claws you but does no damage.
The polar bear misses you.
Okay, then.
You scratch the polar bear.
You kill the polar bear!
Trog accepts your kill.
You feel your intelligence returning.
You feel your dexterity returning.
Your Maces & Flails skill increases to level 6!
You're too hungry.
Your deep troll goes berserk!
You feel quite a bit more hungry.
You are starving!
The polar bear bites you!
You die...

###.........### #⌠...........⌠#
######.8.........8.######
##∩___......###......___∩##
###∩........8.# #.8........∩###
#.............###.............##
⌠..........###T..###..........⌠#
⌠..........# #.<.# #..........⌠#
⌠..........###..@###..........⌠#
#.............###h............##
###∩........8.# #.8........∩###
##∩___....(.###.......__∩##
######.8.(....†).8.######
#⌠...........⌠# ###.........###
#_......._# #_......._#


You could see a polar bear and a friendly deep troll (berserk).

Vanquished Creatures
  A naga ritualist (D)
  2 mana vipers (D)
  A shining eye (D)
  3 polar bears (D)
  2 queen bees (D)
  Grinder (D)
  2 fire elementals (D)
  4 fire bats (D)
  8 neqoxecs (D)
  2 floating eyes (D)
  A porcupine (D)
  5 killer bees (D)
  An iron imp (D)
  2 river rats (D)
  A shadow imp (D)
  2 white imps (D)
  An ufetubus (D)
  3 oozes (D)
  3 rats (D)
45 creatures vanquished.

Vanquished Creatures (collateral kills)
  An anaconda (D)
1 creature vanquished.

Grand Total: 46 creatures vanquished

Notes
Turn   | Place    | Note
-------+----------+-------------------------------------------
     0 | D        | doot the Troll Berserker began the quest for the Orb.
     0 | D        | Reached XP level 1. HP: 22/22 MP: 0/0
     1 | D        | Found a deep blue altar of Sif Muna.
     2 | D        | Found a bloodstained altar of Trog.
     2 | D        | Found an iron altar of Okawaru.
     3 | D        | Found a blossoming altar of Fedhas.
     3 | D        | Found a shimmering altar of Xom.
     4 | D        | Found Neli's Delicious Food.
     4 | D        | Found an ornate altar of the Wu Jian Council.
     4 | D        | Found a hide-covered altar of Uskayaw.
     4 | D        | Found Urryg's Identification Station.
     5 | D        | Found Inoth's Jewellery.
     5 | D        | Found Itwuthis's Advanced Armour.
     5 | D        | Round 1.
    13 | D        | Bought a wavering platinum ring for 45 gold pieces
    13 | D        | Bought a shimmering ivory ring for 45 gold pieces
    13 | D        | Bought a pitted bone amulet for 45 gold pieces
    13 | D        | Identified the ring of No Interval {Fire rPois rN++ Str-2 Stlth+} (You bought it in a shop in the Dungeon)
    14 | D        | Identified the ring "Alolec" {rC+ MP+9 Slay+2} (You bought it in a shop in the Dungeon)
    15 | D        | Identified the amulet "Zorez" {Gourm rC+} (You bought it in a shop in the Dungeon)
    19 | D        | Found an opulent altar of Gozag.
    20 | D        | Found a basalt altar of Yredelemnul.
    39 | D        | Found Vaurecw's Magic Scroll Shop.
    41 | D        | Found a snail-covered altar of Cheibriados.
    41 | D        | Found an ancient bone altar of Kikubaaqudgha.
    41 | D        | Found a corrupted altar of Lugonu.
    41 | D        | Found Ilachoi's Staff Store.
    41 | D        | Found Peemed's Magic Scroll Shop.
    41 | D        | Found Guntis's Must-Have Magic.
    45 | D        | Found a glowing silver altar of Zin.
    48 | D        | Found a burning altar of Makhleb.
    49 | D        | Found a glowing golden altar of the Shining One.
    50 | D        | Found Rorhib Xie's Distillery.
    51 | D        | Found Toreid's Distillery.
    51 | D        | Found Ranytoih's Bottled Wisdom.
    52 | D        | Found a shadowy altar of Dithmenos.
    52 | D        | Found a roughly hewn altar of Beogh.
    52 | D        | Found Xoanoj's Do-It-Yourself Clinic.
    56 | D        | Found a stormy altar of Qazlal.
    57 | D        | Noticed a porcupine
    57 | D        | Found a radiant altar of Vehumet.
    58 | D        | Found a sacrificial altar of Ru.
    65 | D        | Killed a porcupine
    65 | D        | Reached ** piety under Trog
    65 | D        | Reached skill level 6 in Unarmed Combat
    65 | D        | Reached XP level 2. HP: 10/33 MP: 1/1
    65 | D        | Reached XP level 3. HP: 12/41 MP: 2/2
    65 | D        | Reached XP level 4. HP: 14/49 MP: 3/3
    71 | D        | Found Wikoariw's Weapon Rack.
    72 | D        | Found a viscous altar of Jiyva.
    72 | D        | Found Xiacomiu's Premium Goods.
    72 | D        | Found Naif's Basic Armour.
    72 | D        | Found Inurony's Miscellaneous Merchandise.
    94 | D        | Reached skill level 5 in Fighting
   152 | D        | Arena points: 14 (+14) [x2]
   152 | D        | Reached skill level 5 in Dodging
   196 | D        | Round 2.
   202 | D        | Reached *** piety under Trog
   217 | D        | Noticed Grinder
   234 | D        | Killed Grinder
   234 | D        | Reached skill level 8 in Unarmed Combat
   234 | D        | Reached XP level 5. HP: 50/61 MP: 4/4
   234 | D        | Reached XP level 6. HP: 56/68 MP: 5/5
   251 | D        | Reached skill level 9 in Unarmed Combat
   253 | D        | Reached **** piety under Trog
   326 | D        | Arena points: 56 (+42) [x3]
   352 | D        | Round 3.
   356 | D        | Received a gift from Trog
   360 | D        | Noticed a floating eye
   366 | D        | Killed a floating eye
   371 | D        | Noticed a floating eye
   375 | D        | Noticed a shining eye
   376 | D        | Killed a floating eye
   376 | D        | Reached ***** piety under Trog
   376 | D        | Reached skill level 1 in Stealth
   376 | D        | Reached skill level 10 in Unarmed Combat
   376 | D        | Reached XP level 7. HP: 79/79 MP: 6/6
   378 | D        | Gained mutation: You occasionally shout uncontrollably at your foes. [a shining eye]
   384 | D        | Killed a shining eye
   384 | D        | Arena points: 140 (+84) [x4]
   384 | D        | Reached skill level 1 in Throwing
   384 | D        | Reached skill level 11 in Unarmed Combat
   395 | D        | Bought a +0 troll leather armour for 180 gold pieces
   428 | D        | Round 4.
   436 | D        | Noticed a fire bat
   443 | D        | Killed a fire bat
   443 | D        | Reached XP level 8. HP: 86/89 MP: 7/7
   486 | D        | Reached skill level 12 in Unarmed Combat
   593 | D        | Arena points: 280 (+140) [x5]
   593 | D        | Reached skill level 13 in Unarmed Combat
   612 | D        | Round 5.
   618 | D        | Noticed a giant anaconda
   618 | D        | Noticed a naga ritualist
   632 | D        | Killed a naga ritualist
   632 | D        | Reached ****** piety under Trog
   632 | D        | Reached XP level 9. HP: 66/100 MP: 8/8
   635 | D        | Bought 2 rations for 40 gold pieces
   651 | D        | Noticed a mana viper
   661 | D        | Killed a mana viper
   661 | D        | Received a gift from Trog
   661 | D        | Reached skill level 14 in Unarmed Combat
   664 | D        | Noticed a mana viper
   673 | D        | Killed a mana viper
   689 | D        | Noticed an anaconda
   690 | D        | Killed a giant anaconda
   690 | D        | Arena points: 525 (+245) [x7]
   690 | D        | Reached skill level 10 in Fighting
   690 | D        | Reached skill level 15 in Unarmed Combat
   691 | D        | Got a serpentine rune of Zot
   806 | D        | Bought a scorched hat for 315 gold pieces
   811 | D        | Identified the -3 hat "Tatriax" {Slay+2} (You bought it in a shop in the Dungeon)
   866 | D        | Round 6.
   898 | D        | Noticed a queen bee
   906 | D        | Killed a queen bee
   941 | D        | Reached XP level 10. HP: 73/110 MP: 9/9
   942 | D        | Reached skill level 1 in Polearms
   942 | D        | Reached skill level 1 in Armour
   942 | D        | Reached skill level 1 in Spellcasting
   942 | D        | Reached skill level 1 in Evocations
   942 | D        | Reached XP level 11. HP: 79/118 MP: 11/11
  1008 | D        | Arena points: 909 (+384) [x8]
  1019 | D        | Bought a scorched cloak for 332 gold pieces
  1024 | D        | Identified the +0 cloak of the Forsaken Wishes {-Tele rPois Str+6} (You bought it in a shop in the Dungeon)
  1059 | D        | Round 7.
  1065 | D        | Reached skill level 16 in Unarmed Combat
  1097 | D        | Received a gift from Trog
  1122 | D        | Gained mutation: You expend magic power (3 MP) to strengthen your wands. [a neqoxec]
  1123 | D        | Gained mutation: You are frail. (-10% HP) [a neqoxec]
  1127 | D        | Lost intelligence.
  1131 | D        | Reached skill level 1 in Maces & Flails
  1168 | D        | Gained mutation: You are clumsy. (Dex -2) [a neqoxec]
  1180 | D        | Gained mutation: Scrolls take you a little longer to read. [a neqoxec]
  1186 | D        | Arena points: 1476 (+567) [x9]
  1200 | D        | Round 8.
  1223 | D        | Bought an uncursed amulet of regeneration for 450 gold pieces
  1240 | D        | Received a gift from Trog
  1240 | D        | Reached skill level 5 in Maces & Flails
  1251 | D        | Slain by a polar bear

Skill      XL: |  1  2  3  4  5  6  7  8  9 10 11 |
---------------+----------------------------------+-----
Fighting       | 4 6 7 8 9 10 | 10.4
Dodging        | 4 6 7 8 9 |  9.8
Unarmed Combat | 6 8 10 11 13 15 16 | 16.2
Stealth        | 1 2 3 |  3.6
Throwing       | 1 2 3 4 |  4.6
Polearms       | 1 |  1.3
Armour         | 1 |  1.4
Spellcasting   | 1 |  1.0
Evocations     | 1 |  1.2
Maces & Flails | 6 |  6.0

Action                   |  1- 3 |  4- 6 |  7- 9 | 10-12 || total
-------------------------+-------+-------+-------+-------++-------
Melee: Unarmed           |     4 |    43 |    60 |    34 ||   141
       Punch             |       |     4 |     5 |     6 ||    15
       Giant club        |       |       |       |     6 ||     6
Throw: Javelin           |       |     2 |     8 |    11 ||    21
Invok: Brothers in Arms  |       |       |     1 |     1 ||     2
  Use: Potion            |       |       |     2 |     1 ||     3
  Eat: Chunk             |       |     1 |       |       ||     1
       Ration            |       |       |     2 |       ||     2
Armor: Animal skin       |       |     7 |    11 |    21 ||    39
Dodge: Dodged            |       |    24 |    34 |    70 ||   128
